 Dungeon Crawl Stone Soup version 0.26-b1-32-g5d43845318 (webtiles) character file.

Game seed: 9510345372933601066

23346 Dirian the Carver (level 12, 0/108 HPs)
             Began as a Minotaur Fighter on Jan 12, 2021.
             Was a High Priest of Nemelex Xobeh.
             Slain by a rime drake (2 damage)
             ... while paralysed by a floating eye
             ... on level 14 of the Dungeon.
             The game lasted 00:25:22 (15925 turns).

Dirian the Carver (Minotaur Fighter)               Turns: 15925, Time: 00:25:22

Health: 0/108      AC: 24    Str: 23    XL:     12   Next: 71%
Magic:  0/18       EV:  2    Int:  4    God:    Nemelex Xobeh [*****.]
Gold:   862        SH:  0    Dex: 13    Spells: 11/11 levels left

rFire    . . .     SeeInvis +   a - +3 scimitar
rCold    . . .     Faith    .   c - +1 kite shield
rNeg     + . .     Spirit   +   H - +3 chain mail
rPois    +         Reflect  .   (helmet restricted)
rElec    .         Harm     .   y - +2 ratskin cloak {*Rats rPois rN+ Str-1 Int-1 Dex+1}
rCorr    .         Rampage  .   C - +0 pair of gloves
Will     .....                  (no boots)
Stlth    ..........             f - amulet of guardian spirit
HPRegen  0.28/turn              D - +4 ring of protection
MPRegen  0.16/turn              B - ring of see invisible

@: paralysed, very slow
A: retaliatory headbutt, horns 2
a: Renounce Religion, Draw Escape, Draw Destruction, Draw Summoning, Draw Stack,
Triple Draw, Deal Four, Stack Five


You were on level 14 of the Dungeon.
You worshipped Nemelex Xobeh.
Nemelex Xobeh was extremely pleased with you.
You visited 1 branch of the dungeon, and saw 14 of its levels.

You collected 1072 gold pieces.
You spent 210 gold pieces at shops.

Inventory:

Hand Weapons
 a - a +3 scimitar (weapon)
 o - a +1 long sword
Armour
 c - a +1 kite shield (worn)
 g - the +0 tower shield "Esubbaxuru" {rElec Dex+3}
   (You found it on level 5 of the Dungeon)

   It affects your dexterity (+3).
   It insulates you from electricity.
 y - the +2 ratskin cloak (worn) {*Rats rPois rN+ Str-1 Int-1 Dex+1}
   (You found it on level 13 of the Dungeon)

   It affects your strength (-1).
   It affects your intelligence (-1).
   It affects your dexterity (+1).
   It protects you from poison.
   It protects you from negative energy.
 C - a +0 pair of gloves (worn)
 H - a +3 chain mail (worn)
Jewellery
 f - an amulet of guardian spirit (around neck)
 m - an uncursed ring of fire
 u - an uncursed ring of resist corrosion
 B - a ring of see invisible (right hand)
 D - a +4 ring of protection (left hand)
Wands
 v - a wand of digging (2)
 A - a wand of iceblast (23)
Scrolls
 e - a scroll of fog
 l - 6 scrolls of enchant armour
 r - 5 scrolls of identify
 t - 3 scrolls of teleportation
 x - 4 scrolls of remove curse
 E - a scroll of fear
Potions
 b - a potion of magic
 d - a potion of might
 h - 2 potions of haste
 j - 5 potions of ambrosia
 k - 2 potions of berserk rage
 n - a potion of resistance
 p - 2 potions of attraction
 q - a potion of curing
 s - a potion of lignification
 w - a potion of heal wounds
 F - 4 potions of flight
 G - a potion of invisibility


   Skills:
 + Level 10.8 Fighting
 + Level 14.5 Long Blades
 + Level 12.2 Armour
 + Level 9.1 Shields
 * Level 9.5 Invocations


You had 11 spell levels left.
You didn't know any spells.
Your spell library contained the following spells:

 Spells                   Type           Power        Failure   Level
 Animate Skeleton         Necr           0%           99%         1
 Foxfire                  Conj/Fire      0%           99%         1
 Magic Dart               Conj           0%           99%         1
 Pain                     Necr           0%           99%         1
 Sandblast                Erth           0%           99%         1
 Blink                    Tloc           N/A          100%        2
 Call Imp                 Summ           0%           100%        2
 Passwall                 Tmut/Erth      0%           100%        2
 Slow                     Hex            0%           100%        2
 Conjure Flame            Conj/Fire      0%           100%        3
 Inner Flame              Hex/Fire       0%           100%        3
 Mephitic Cloud           Conj/Pois/Air  0%           100%        3
 Stone Arrow              Conj/Erth      0%           100%        3
 Vampiric Draining        Necr           0%           100%        3
 Animate Dead             Necr           0%           100%        4
 Petrify                  Tmut/Erth      0%           100%        4
 Sticky Flame             Conj/Fire      0%           100%        4
 Agony                    Necr           0%           100%        5
 Bolt of Magma            Conj/Fire/Erth 0%           100%        5
 Fireball                 Conj/Fire      0%           100%        5
 Iskenderun's Battlesphe  Conj           0%           100%        5
 Lee's Rapid Deconstruct  Erth           0%           100%        5
 Iron Shot                Conj/Erth      0%           100%        6
 Orb of Destruction       Conj           0%           100%        7
 Spellforged Servitor     Conj/Summ      0%           100%        7


Dungeon Overview and Level Annotations

Branches:
Dungeon (14/15)            Temple (0/1) D:7            Lair (0/6) D:11
    Orc (0/2) D:9          Vaults (0/5) D:14

Altars:
Fedhas
Makhleb
Nemelex Xobeh
Trog
The Shining One

Shops:
D:8 ?


Innate Abilities, Weirdness & Mutations

You reflexively headbutt those who attack you in melee.
You have a pair of horns on your head.


Message History

The floating eye's stare focuses on you.
Your killer bee barely misses the black mamba.
The golden eye blinks!
The rime drake bites you but does no damage.
The boggart mumbles some strange words.
The boggart blinks!
The black mamba bites you but does no damage.
Your killer bee stings the black mamba.
The gargoyle hurls a stone arrow at you.
The stone arrow hits you!
* * * LOW HITPOINT WARNING * * *
The black mamba bites you but does no damage.
The water nymph touches you. The water nymph drowns you.
* * * LOW HITPOINT WARNING * * *
The golden eye blinks at you. You resist with some effort.
Your killer bee barely misses the black mamba.
The rime drake bites you.
You die...
Your body glows with a rainbow of weird colours and disappears.

.# Y# .# ###.#
######...#
#......)#
#.......#
#.§.†..k######
#.....FS@9GgC#
#....Gym####wZZb
######### [


You could see an ettin (misshapen), a tyrant leech (misshapen), a water nymph
(misshapen), a black mamba (very poisoned, misshapen), a blink frog (misshapen),
a rime drake (misshapen), a gargoyle (dazed), a fire bat (misshapen), a boggart
(invisible, misshapen), a floating eye (charged, misshapen), a golden eye
(misshapen), a centaur warrior zombie (dazed), a centaur warrior skeleton
(dazed) and a friendly killer bee (summoned).

Vanquished Creatures
  A bunyip (D:14)
  A catoblepas (D:14)
  2 boulder beetles (D:13)
  A two-headed ogre (D:13)
  An obsidian statue (D:13)
  An unseen horror (D:13)
  A deep elf mage (D:13)
  2 oklob plants (D:11)
  A wolf spider zombie (D:11)
  2 ugly things (D:12)
  3 cyclopes
  A manticore (D:13)
  2 gargoyles
  2 rime drakes (D:13)
  An efreet (D:14)
  5 trolls
  A hornet (D:7)
  Prince Ribbit (D:5)
  A meliai zombie (D:14)
  8 slime creatures
  A human (D:9)
  3 wraiths
  15 yaks
  A wyvern (D:13)
  A steam dragon (D:14)
  An acid dragon (D:11)
  A water moccasin (D:4)
  2 sky beasts
  2 ice beasts
  6 orc warriors
  A phantom (D:4)
  2 necrophages
  4 ogres
  16 centaurs
  A big kobold (D:13)
  4 bullfrogs
  A wyvern skeleton (D:14)
  A water moccasin zombie (D:6)
  5 scorpions
  10 killer bees (D:8)
  14 wights
  An electric eel (D:8)
  A howler monkey (D:5)
  2 bullfrog zombies (D:6)
  4 centaur zombies
  2 hounds
  2 bullfrog skeletons
  7 centaur skeletons
  11 orc priests
  Crazy Yiuf (D:2)
  8 orc wizards
  8 worker ants
  4 iguanas
  A killer bee zombie (D:6)
  A hound skeleton (D:11)
  3 howler monkey zombies
  Robin (D:2)
  3 worker ant zombies
  6 adders
  A shadow imp (D:6)
  2 white imps
  An ooze (D:1)
  2 adder skeletons
  3 worms
  8 leopard geckos
  47 orcs
  10 giant cockroaches
  17 goblins
  11 hobgoblins
  11 jackals
  13 kobolds
  5 quokkas
  9 bats
  4 frilled lizards
  A giant cockroach zombie (D:6)
  2 leopard gecko zombies (D:6)
  5 rats
348 creatures vanquished.

Vanquished Creatures (others)
  An orc wizard (D:14)
  An orc (D:14)
  A fungus (D:2)
  3 plants (D:11)
6 creatures vanquished.

Grand Total: 354 creatures vanquished

Notes
Turn   | Place    | Note
-------+----------+-------------------------------------------
     0 | D:1      | Dirian the Minotaur Fighter began the quest for the Orb.
     0 | D:1      | Reached XP level 1. HP: 19/19 MP: 0/0
    72 | D:1      | Reached XP level 2. HP: 27/27 MP: 1/1
   560 | D:2      | Reached XP level 3. HP: 33/33 MP: 2/2
   804 | D:2      | Reached skill level 3 in Long Blades
   956 | D:2      | Noticed Robin
   978 | D:2      | Killed Robin
   979 | D:2      | Reached XP level 4. HP: 20/40 MP: 3/3
  1158 | D:2      | Found a faded altar of an unknown god.
  1700 | D:2      | Found a runed translucent door.
  1701 | D:2      | Noticed Crazy Yiuf
  2506 | D:2      | Became a worshipper of Nemelex Xobeh the Trickster
  2506 | D:2      | Reached * piety under Nemelex Xobeh
  2506 | D:2      | Received a gift from Nemelex Xobeh
  2574 | D:2      | Killed Crazy Yiuf
  2575 | D:2      | Reached skill level 4 in Long Blades
  2575 | D:2      | Reached XP level 5. HP: 47/47 MP: 4/4
  2733 | D:4      | Noticed a phantom
  2735 | D:4      | Noticed a water moccasin
  2751 | D:4      | Killed a water moccasin
  2752 | D:4      | Reached skill level 5 in Armour
  2752 | D:4      | Reached skill level 5 in Shields
  2752 | D:4      | Reached skill level 1 in Invocations
  2752 | D:4      | Reached XP level 6. HP: 7/53 MP: 5/5
  2773 | D:4      | Reached skill level 5 in Long Blades
  2980 | D:4      | You fall into a shaft and drop 3 floors!
  3102 | D:6      | Reached XP level 7. HP: 51/60 MP: 7/7
  3161 | D:6      | Reached ** piety under Nemelex Xobeh
  3216 | D:6      | Reached skill level 6 in Long Blades
  3314 | D:5      | Entered Level 5 of the Dungeon
  3324 | D:5      | Got a fading tower shield
  3554 | D:4      | Reached skill level 5 in Fighting
  4333 | D:5      | Found a bloodstained altar of Trog.
  4335 | D:5      | Found a glowing golden altar of the Shining One.
  4335 | D:5      | Found a blossoming altar of Fedhas.
  4336 | D:5      | Found a burning altar of Makhleb.
  4337 | D:5      | Found a sparkling altar of Nemelex Xobeh.
  4517 | D:5      | Noticed Prince Ribbit
  4537 | D:5      | Killed Prince Ribbit
  4538 | D:5      | Reached skill level 7 in Long Blades
  4538 | D:5      | Reached XP level 8. HP: 16/68 MP: 9/9
  4968 | D:5      | Identified the +0 tower shield "Esubbaxuru" {rElec Dex+3}
                  | (You found it on level 5 of the Dungeon)
  5216 | D:6      | Received a gift from Nemelex Xobeh
  5426 | D:6      | Reached skill level 8 in Long Blades
  5458 | D:6      | Reached *** piety under Nemelex Xobeh
  6404 | D:7      | Reached skill level 9 in Long Blades
  6551 | D:7      | Found a staircase to the Ecumenical Temple.
  6561 | D:7      | Reached XP level 9. HP: 66/75 MP: 9/11
  6913 | D:7      | Received a gift from Nemelex Xobeh
  6992 | D:7      | Reached skill level 5 in Invocations
  7386 | D:8      | Reached skill level 10 in Long Blades
  7429 | D:8      | Noticed a troll
  7443 | D:8      | Killed a troll
  8267 | D:8      | Reached skill level 11 in Long Blades
  8387 | D:8      | Found Qiteb's Magic Scroll Boutique.
  8395 | D:8      | Bought a scroll of enchant weapon for 105 gold pieces
  8395 | D:8      | Bought a scroll of enchant weapon for 105 gold pieces
  8923 | D:8      | Reached XP level 10. HP: 83/86 MP: 13/13
  8945 | D:9      | Found a staircase to the Orcish Mines.
  8985 | D:9      | Received a gift from Nemelex Xobeh
  9173 | D:9      | Reached **** piety under Nemelex Xobeh
  9187 | D:9      | Received a gift from Nemelex Xobeh
  9309 | D:9      | Received a gift from Nemelex Xobeh
  9649 | D:10     | Entered Level 10 of the Dungeon
 10304 | D:10     | Received a gift from Nemelex Xobeh
 10386 | D:10     | Reached skill level 12 in Long Blades
 10388 | D:10     | Reached skill level 10 in Armour
 10907 | D:11     | Reached ***** piety under Nemelex Xobeh
 10929 | D:11     | Reached XP level 11. HP: 95/95 MP: 15/15
 11110 | D:11     | Found a staircase to the Lair.
 11111 | D:11     | Noticed an oklob plant
 11116 | D:11     | Noticed an oklob plant
 11853 | D:11     | Killed an oklob plant
 11895 | D:11     | Killed an oklob plant
 12113 | D:12     | Reached skill level 13 in Long Blades
 12260 | D:12     | Noticed a purple ugly thing
 12272 | D:12     | Killed a purple ugly thing
 12646 | D:12     | Received a gift from Nemelex Xobeh
 12833 | D:12     | Noticed a green ugly thing
 12844 | D:12     | Killed a green ugly thing
 13151 | D:12     | Received a gift from Nemelex Xobeh
 13208 | D:13     | Found the +2 ratskin cloak {*Rats rPois rN+ Str-1 Int-1
                  | Dex+1}
 13208 | D:13     | Noticed an obsidian statue
 13271 | D:13     | Noticed a boulder beetle
 13292 | D:13     | Killed a boulder beetle
 13294 | D:13     | Noticed a boulder beetle
 13311 | D:13     | Killed a boulder beetle
 13786 | D:13     | Noticed a deep elf mage
 14284 | D:13     | Killed a deep elf mage
 14366 | D:13     | Noticed a two-headed ogre
 14370 | D:13     | Reached XP level 12. HP: 91/106 MP: 14/17
 14385 | D:13     | Killed a two-headed ogre
 14386 | D:13     | Reached skill level 10 in Fighting
 14707 | D:13     | Reached skill level 14 in Long Blades
 15658 | D:14     | Noticed a catoblepas
 15721 | D:14     | Killed a catoblepas
 15868 | D:14     | Noticed a six-headed hydra
 15883 | D:14     | Found a gate to the Vaults.
 15883 | D:14     | Noticed a vault guard
 15884 | D:14     | Noticed a vault guard
 15884 | D:14     | Noticed a vault guard
 15885 | D:14     | Noticed a vault guard
 15886 | D:14     | Received a gift from Nemelex Xobeh
 15906 | D:14     | a vault guard changed into a mana viper
 15908 | D:14     | Noticed a centaur warrior
 15909 | D:14     | Noticed a spark wasp
 15909 | D:14     | a ten-headed hydra changed into a spark wasp
 15909 | D:14     | a centaur warrior changed into a wolf spider
 15912 | D:14     | a spark wasp changed into a floating eye
 15912 | D:14     | Noticed a bunyip
 15912 | D:14     | a wolf spider changed into a bunyip
 15912 | D:14     | Noticed an ettin
 15912 | D:14     | a vault guard changed into an ettin
 15912 | D:14     | a vault guard changed into a tyrant leech
 15922 | D:14     | Killed a bunyip
 15923 | D:14     | Paralysed by a floating eye for 4 turns
 15925 | D:14     | HP: 2/108 [drowned by a water nymph (5)]
 15925 | D:14     | Slain by a rime drake

Illustrated notes

Levels and vault maps discovered:
D:1:      lightli_arrival_noodles, layout_rooms, amethyst_killhole
D:2:      layout_loops_ring, chequers_ecumenical_altar_island,
          kennysheep_pointless_box, uniq_robin, uniq_crazy_yiuf_cottage
D:3:      layout_loops_ring, minmay_quantized
D:4:      layout_basic, minmay_misc_feat_iff, minmay_bent
D:5:      layout_loops_cross, minitemple, nrook_mini_vaults, uniq_prince_ribbit1
D:6:      layout_basic, serial_undead, serial_undead_c, serial_undead_a,
          serial_undead_b, serial_undead_f
D:7:      layout_loops_ring, minmay_temple_entry_junction
D:8:      layout_basic, serial_shops, shop
D:9:      layout_gridville, erik_orc_4, kennysheep_minor_cross
D:10:     layout_loops_cross, hangedman_decor_opposing
D:11:     layout_loops_corners, dpeg_oklobed_lair
D:12:     layout_roguey
D:13:     layout_basic, gauntlet_entry_generic, portal_ice_cave_rime,
          minmay_protected_statue
D:14:     layout_rooms, grunt_vaults_entry_fortified,
          hangedman_abyss_or_decor_passed, grunt_ministairs_11

Skill      XL: |  1  2  3  4  5  6  7  8  9 10 11 12 |
---------------+-------------------------------------+-----
Armour         | 4 5 6 7 9 10 11 12 | 12.2
Fighting       | 4 5 6 7 8 9 10 | 10.8
Shields        | 4 5 7 9 |  9.1
Long Blades    | 3 4 5 7 9 11 12 13 14 | 14.5
Invocations    | 1 2 3 4 6 7 8 9 |  9.5

Action                   |  1- 3 |  4- 6 |  7- 9 | 10-12 || total
-------------------------+-------+-------+-------+-------++-------
Melee: Long sword        |   100 |   160 |   143 |       ||   403
       Headbutt          |    17 |    24 |    69 |   197 ||   307
       Scimitar          |       |       |   244 |   660 ||   904
Invok: Draw Destruction  |       |       |       |    10 ||    10
       Draw Escape       |       |       |       |     3 ||     3
       Stack Five        |       |       |       |     1 ||     1
       Draw Summoning    |       |       |       |     1 ||     1
Evoke: Wand              |       |       |       |     1 ||     1
  Use: Scroll            |       |    15 |     8 |     9 ||    32
       Potion            |       |     3 |       |     6 ||     9
 Stab: Petrified         |       |       |       |     3 ||     3
       Distracted        |       |       |       |     1 ||     1
Armor: Scale mail        |    39 |    33 |       |       ||    72
       Chain mail        |       |    31 |   188 |   348 ||   567
Dodge: Dodged            |    32 |    42 |    78 |   141 ||   293
Block: Kite shield       |    74 |    97 |   207 |   378 ||   756
       Rpst.: Long sword |     7 |     8 |     8 |       ||    23
       Scimitar          |       |       |    12 |    28 ||    40
